 Dungeon Crawl Stone Soup version 0.30-a0-578-gdee14c521f (webtiles) character file.

Game seed: 3941944910938501165

1249 wormed the Slasher (level 8, -9/61 HPs)
             Began as a Demonspawn Gladiator on Jan 1, 2023.
             Mangled by an ogre
             ... wielding a +0 giant club
              (15 damage)
             ... on level 5 of the Dungeon.
             The game lasted 00:08:53 (4429 turns).

wormed the Slasher (Demonspawn Gladiator)           Turns: 4429, Time: 00:08:54

Health: -9/61      AC: 10    Str: 15    XL:     8   Next: 26%
Magic:  8/8        EV: 18    Int: 10    God:
Gold:   271        SH:  0    Dex: 22    Spells: 7/7 levels left

rFire   + . .      SeeInvis .    l - +2 dagger (vamp)
rCold   . . .      Faith    .    (no shield)
rNeg    + . .      Spirit   .    b - +0 leather armour
rPois   .          Reflect  .    v - +2 helmet
rElec   .          Harm     .    F - +2 cloak
rCorr   .          Rampage  .    (no gloves)
Will    .....                    x - +0 pair of boots
Stlth   ++                       (no amulet)
HPRegen 0.30/turn                s - +6 ring of dexterity
MPRegen 0.11/turn                r - ring of the Bursting Messenger {rF+ rN+}

@: no status effects
A: claws 2, repulsion field 2, spiny 2
a: no special abilities


You were on level 5 of the Dungeon.
You visited 1 branch of the dungeon, and saw 5 of its levels.

You collected 271 gold pieces.

Inventory:

Hand Weapons
 a - a +0 long sword
 l - a +2 vampiric dagger (weapon)
Missiles
 d - 2 throwing nets (quivered)
 e - a javelin
 p - 4 poisoned darts
Armour
 b - a +0 leather armour (worn)
 v - a +2 helmet (worn)
 x - a +0 pair of boots (worn)
 F - a +2 cloak (worn)
Jewellery
 k - a ring of flight
 r - the ring of the Bursting Messenger (right claw) {rF+ rN+}
   (You found it on level 2 of the Dungeon)

   [ring of positive energy]

   rF:        It protects you from fire.
   rN:        It protects you from negative energy.
 s - a +6 ring of dexterity (left claw)
Wands
 i - a wand of roots (8)
 m - a wand of paralysis (10)
 o - a wand of digging (4)
 u - a wand of light (1)
Scrolls
 c - 3 scrolls of enchant weapon {unknown}
 f - 2 scrolls of fear
 y - a scroll of teleportation {unknown}
 A - a scroll of immolation {unknown}
 E - a scroll of noise {unknown}
Potions
 g - 3 potions of attraction
 h - 4 potions of curing
 j - a potion of resistance
 n - a potion of berserk rage {unknown}
 t - a potion of degeneration {unknown}
 w - a potion of invisibility {unknown}
 z - a potion of lignification
 B - a potion of might {unknown}
 C - 2 potions of ambrosia {unknown}
 D - a potion of heal wounds {unknown}


   Skills:
 + Level 4.8 Fighting
 * Level 6.3 Long Blades
 - Level 1.7 Throwing
 + Level 4.8 Dodging
 + Level 3.8 Shields


You had 7 spell levels left.
You didn't know any spells.
Your spell library contained the following spells:

 Spells                   Type           Power      Damage    Failure   Level
 Shock                    Conj/Air       0%         1d3       43%         1
 Hailstorm                Conj/Ice       0%         3d3       80%         3
 Swiftness                Air            0%         N/A       80%         3
 Airstrike                Air            0%         2d(0-16)  99%         4
 Ice Form                 Ice/Tmut       0%         N/A       99%         4
 Simulacrum               Ice/Necr       0%         N/A       100%        6


Dungeon Overview and Level Annotations

Branches:
Dungeon (5/15)
 Temple: D:4-7

Altars:
Ashenzari
Cheibriados
Dithmenos
Qazlal


Innate Abilities, Weirdness & Mutations

You have very sharp fingernails.
You are surrounded by a moderate repulsion field. (EV +3)
You are mostly covered in sharp spines.


Message History

You hit the hound.
The hound is heavily wounded.
The hound is struck by your spines.
You kill the hound!
You see here a +2 cloak.
You start putting on your armour.
You continue putting on your +2 cloak. x4
You finish putting on your +2 cloak.
You now have 271 gold pieces (gained 12).
An ogre comes into view. It is wielding a +0 giant club.
The ogre shouts!
An ogre is nearby!
An iguana comes into view.
The ogre hits you with a +0 giant club!
The iguana hisses angrily.
You hit the ogre.
The ogre is lightly wounded.
You hit the ogre but do no damage.
The ogre is lightly wounded.
The ogre is struck by your spines.
The ogre hits you with a +0 giant club!!
Throw: 2 darts (atropa)
Press: ? - help, Q - select action, (/) - cycle Shift-Dir - straight line, f - ogre
Aim: an ogre, wielding a +0 giant club (heavily wounded, 78% to hit, chance to blind on hit: 41%)
You throw an atropa-tipped dart.
The atropa-tipped dart barely misses the ogre.
The atropa-tipped dart closely misses the iguana.
Throw: dart (atropa)
Press: ? - help, Q - select action, (/) - cycle Shift-Dir - straight line, f/p - ogre
Aim: an ogre, wielding a +0 giant club (heavily wounded, 78% to hit, chance to blind on hit: 41%)
You throw an atropa-tipped dart. The atropa-tipped dart hits the ogre.
The ogre resists.
The ogre is heavily wounded.
The ogre is struck by your spines. The ogre barely misses you.
The ogre attacks as you move away! The ogre hits you with a +0 giant club!
The ogre hits you with a +0 giant club!!
* * * LOW HITPOINT WARNING * * *
You hit the ogre.
The ogre is almost dead.
The ogre hits you with a +0 giant club!
You die...

.(##.. #.# ...### #(#
.#.## #.# ##..# #.#
#...######## #.#
...........# #.#
...#######.# #l#
.......# #.# #O#
.......# #.# #@#
...†...# #.# #.#
.......# #.# #.#####
.......###.#####.....#
..........#.....####.#
..[....#.###.##.#[...#
.......##.#..##.#.####
.......###.#.##.#.#
#.####.# ###.##.#.#


You could see an ogre and an iguana.

Vanquished Creatures
  Sigmund (D:2)
  Eustachio (D:4)
  An ogre (D:5)
  A scorpion (D:4)
  2 jellies (D:5)
  An orc priest (D:4)
  4 hounds
  A gnoll bouda (D:5)
  4 iguanas (D:5)
  Terence (D:3)
  Jessica (D:2)
  Natasha (thrice) (D:3)
  An orc wizard (D:4)
  Robin (D:2)
  9 gnolls
  8 adders
  2 worms
  3 dart slugs
  16 orcs
  9 endoplasms
  2 giant cockroaches
  18 goblins
  8 hobgoblins
  11 jackals
  6 quokkas
  6 ball pythons
  5 bats
  2 frilled lizards
  11 kobolds
  2 rats
141 creatures vanquished.

Notes
Turn   | Place    | Note
-------+----------+-------------------------------------------
     0 | D:1      | wormed the Demonspawn Gladiator began the quest for the
                  | Orb.
     0 | D:1      | Reached XP level 1. HP: 16/16 MP: 1/1
    59 | D:1      | Gained mutation: You have sharp fingernails. [demonic
                  | ancestry]
    59 | D:1      | Reached XP level 2. HP: 22/22 MP: 2/2
   235 | D:1      | Reached skill level 3 in Long Blades
   829 | D:1      | Gained mutation: You are partially covered in sharp spines.
                  | [demonic ancestry]
   829 | D:1      | Reached XP level 3. HP: 28/28 MP: 3/3
  1042 | D:2      | Reached skill level 1 in Shields
  1067 | D:2      | Noticed Sigmund
  1238 | D:2      | Reached XP level 4. HP: 34/34 MP: 4/4
  1454 | D:3      | Noticed Robin
  1522 | D:2      | Noticed Jessica
  1530 | D:2      | Killed Jessica
  1674 | D:3      | Gained mutation: You are surrounded by a mild repulsion
                  | field. (EV +2) [demonic ancestry]
  1674 | D:3      | Reached XP level 5. HP: 40/40 MP: 5/5
  1692 | D:3      | Noticed Terence
  1711 | D:3      | Killed Terence
  1712 | D:3      | Reached skill level 4 in Long Blades
  2079 | D:3      | HP: 2/41 [Robin/bolt of light (14)]
  2285 | D:2      | Identified the ring of the Bursting Messenger {rF+ rN+}
  2289 | D:2      | You fall into a shaft and drop 1 floor!
  2300 | D:3      | Found a faded altar of an unknown god.
  2476 | D:3      | Noticed Natasha
  2527 | D:2      | Killed Robin
  2830 | D:2      | Killed Sigmund
  2831 | D:2      | Gained mutation: You are mostly covered in sharp spines.
                  | [demonic ancestry]
  2831 | D:2      | Reached XP level 6. HP: 17/47 MP: 6/6
  2961 | D:3      | Killed Natasha
  3076 | D:3      | Noticed Natasha
  3082 | D:3      | Killed Natasha
  3107 | D:3      | Noticed Natasha
  3115 | D:3      | Killed Natasha
  3123 | D:4      | Found a snail-covered altar of Cheibriados.
  3181 | D:4      | Reached skill level 5 in Long Blades
  3199 | D:4      | Gained mutation: You have very sharp fingernails. [demonic
                  | ancestry]
  3199 | D:4      | Reached XP level 7. HP: 53/53 MP: 7/7
  3384 | D:4      | Found a broken altar of Ashenzari.
  3398 | D:4      | Noticed Eustachio
  3432 | D:4      | Killed Eustachio
  3635 | D:4      | Found a stormy altar of Qazlal.
  3831 | D:5      | Entered Level 5 of the Dungeon
  3975 | D:5      | Reached skill level 6 in Long Blades
  3975 | D:5      | Gained mutation: You are surrounded by a moderate repulsion
                  | field. (EV +3) [demonic ancestry]
  3975 | D:5      | Reached XP level 8. HP: 46/61 MP: 8/8
  4330 | D:5      | Found a shadowy altar of Dithmenos.
  4429 | D:5      | Mangled by an ogre

Illustrated notes

Levels and vault maps discovered:
D:1:      minmay_arrival_four_loops, layout_loops_ring,
          amcnicky_mini_corridor_feature, dreamdust_princess_bridge,
          kennysheep_pointless_box, hangedman_feature_mirror
D:2:      layout_loops_cross, uniq_jessica, uniq_sigmund
D:3:      layout_rooms, hellmonk_ecumenical_altar_pennies_from_heaven,
          uniq_natasha, uniq_terence, uniq_robin
D:4:      layout_rooms, evilmike_ruin_ashenzari, cheibriados_altar_1,
          nicolae_qazlal_eye_of_the_storm, kennysheep_generic_room_3,
          uniq_eustachio
D:5:      layout_loops_ring, tso_metal_star,
          nicolae_dithmenos_through_a_glass_darkly,
          nicolae_overflow_hidden_temple

Skill      XL: |  1  2  3  4  5  6  7 |
---------------+----------------------+-----
Long Blades    | 3 4 5 6 |  6.3
Dodging        | 3 4 |  4.8
Shields        | 1 2 3 |  3.8
Fighting       | 3 4 |  4.8
Throwing       | |  1.7

Action                   |  1- 3 |  4- 6 |  7- 9 || total
-------------------------+-------+-------+-------++-------
Melee: Long sword        |    79 |       |       ||    79
       Punch             |     1 |     1 |     1 ||     3
       Dagger            |    21 |   156 |   152 ||   329
Throw: Dart              |       |     8 |     2 ||    10
       Throwing net      |       |     2 |       ||     2
  Use: Scroll            |       |     4 |     2 ||     6
 Stab: Sleeping          |     4 |     2 |     1 ||     7
Armor: Leather armour    |    30 |    22 |    28 ||    80
Dodge: Dodged            |    84 |    99 |   117 ||   300

Table legend: (Time is in decaauts)
 A = Elapsed time spent in this place.
 B = Non-inter-level travel time spent in this place.
 C = Inter-level travel time spent in this place.
 D = Time resting spent in this place.
 E = Time spent auto-exploring this place.
 F = Levels seen in this place.
 G = Mean time per level.
                   A        B        C        D        E       F      G
               +--------+--------+--------+--------+--------+-----+--------+
         Total |   4435 |   4160 |    275 |      0 |   2900 |   5 |  887.0 |
       Dungeon |   4435 |   4160 |    275 |      0 |   2900 |   5 |  887.0 |
               +--------+--------+--------+--------+--------+-----+--------+

Top non-repeatable levels by time:
     D:2: 1419 daAuts
     D:1: 1071 daAuts
     D:3: 689 daAuts
     D:4: 670 daAuts
     D:5: 584 daAuts
